Map: Blackpink EC

Players

Nintendo

  • Race: Terran Terran
  • League: Master
  • Spawn Location: 7:00

zuka - Winner!

  • Race: Protoss Protoss
  • League: Master
  • Spawn Location: 1:00

VOD

Have the link to the VOD?

Description

Time

  • Played on: Jan. 6, 2018, 9:42 a.m.
  • Length: 9:30
Show
View Real Time Build Order
Export as new Build Order

Nintendo Terran 

Build Orders: Reaper Expand, MMM Bio 

Get SALT Encoding   

  12  0:01  SCV  
  13  0:13  SCV  
  14  0:17  Supply Depot  
  14  0:25  SCV  
  15  0:39  SCV  
  15  0:40  Barracks  
  16  0:44  Refinery  
  16  0:51  SCV  
  17  1:03  SCV  
  18  1:15  SCV  
  19  1:28  Reaper, Orbital Command  
  20  1:44  Command Center  
  20  1:55  SCV  
  20  1:57  Supply Depot  
  21  2:07  SCV, Barracks Reactor  
  22  2:09  Bunker  
  22  2:19  SCV  
  23  2:24  Factory  
  23  2:28  Refinery  
  23  2:31  SCV  
  24  2:43  SCV  
  24  2:49  Marine x2  
  26  2:55  SCV  
  27  3:07  SCV  
  28  3:15  Starport  
  28  3:18  Orbital Command, Barracks Tech Lab  
  28  3:20  Hellion x2  
  32  3:31  SCV  
  32  3:37  Barracks x2  
  32  3:42  Stimpack  
  32  3:46  SCV x2  
  34  3:48  Marine  
  35  3:58  SCV x2  
  35  4:00  Supply Depot  
  35  4:01  Factory Tech Lab  
  37  4:10  SCV  
  37  4:16  Marauder  
  36  4:25  Barracks Tech Lab, Barracks Reactor  
  36  4:27  Barracks  
  36  4:28  SCV x2  
  36  4:29  Barracks  
  38  4:32  Supply Depot  
  38  4:38  Medivac  
  38  4:40  Medivac  
  38  4:42  SCV  
  38  4:44  Marine  
  38  4:45  Concussive Shells  
  44  4:51  Marauder  
  46  4:56  Siege Tank  
  46  4:57  SCV x2  
  51  5:01  Supply Depot  
  51  5:03  Marine  
  52  5:07  Marine x2  
  52  5:09  SCV x2  
  52  5:13  Refinery  
  56  5:19  Barracks Tech Lab x2  
  56  5:20  Marine  
  57  5:21  SCV x2  
  57  5:25  Marine  
  57  5:27  Supply Depot  
  60  5:29  Siege Tank  
  60  5:33  SCV x2  
  60  5:34  Marauder  
  67  5:39  Marine, Refinery  
  68  5:45  SCV x2  
  68  5:48  Marine  
  68  5:49  Marauder x2  
  75  5:50  Supply Depot  
  75  5:53  Supply Depot  
  75  5:57  SCV  
  75  5:58  SCV  
  75  6:02  Supply Depot  
  75  6:03  Combat Shields  
  77  6:09  SCV  
  77  6:10  Supply Depot  
  78  6:14  SCV, Medivac  
  78  6:15  Marauder  
  83  6:20  Supply Depot  
  82  6:30  Marauder x3, Marine x2  
  90  6:34  Siege Tank  
  90  6:37  SCV, Supply Depot  
  94  6:42  Marine  
  95  6:50  SCV  
  95  6:52  Marauder  
  95  6:54  Supply Depot x2  
  96  6:56  Marine x2  
  96  6:57  Marauder  
  100  7:09  SCV x2  
  100  7:14  Siege Tank, Supply Depot  
  105  7:17  Supply Depot  
  105  7:20  Supply Depot x2  
  98  7:37  Liberator x2  
  94  7:43  Marine x3  
  94  7:44  Marauder x3  
  103  7:46  Siege Tank  
  103  7:47  Supply Depot  
  112  8:03  Marauder, Marine x2, Supply Depot  
  112  8:04  Supply Depot  
  120  8:13  Marauder x3  
  122  8:25  Marauder  
  124  8:32  Marine x2  
  130  8:34  Marauder x2  
  130  8:44  Marauder, Siege Tank  
  130  8:46  Marauder  
  137  8:49  Marine x2  
  137  8:55  Marine  
  142  8:56  Marauder  
  148  9:05  Marine  
  148  9:07  Marine x2  
  148  9:09  Marine  
Show
View Real Time Build Order
Export as new Build Order

zuka Protoss - Winner!

Build Orders: 1 Gate Expand, Colossus Rush 

Get SALT Encoding   

  12  0:01  Probe  
  13  0:13  Probe  
  14  0:17  Pylon  
  14  0:25  Probe (Chrono Boost)  
  15  0:36  Probe (Chrono Boost)  
  15  0:38  Gateway  
  15  0:42  Probe (Chrono Boost)  
  16  0:48  Assimilator  
  17  0:54  Probe (Chrono Boost)  
  18  1:06  Probe (Chrono Boost)  
  19  1:12  Probe (Chrono Boost)  
  20  1:27  Nexus  
  20  1:35  Cybernetics Core  
  20  1:37  Probe  
  21  1:49  Probe  
  21  1:51  Pylon  
  22  1:56  Assimilator  
  22  2:02  Probe  
  23  2:08  Stalker (Chrono Boost)  
  23  2:12  Warp Gate  
  23  2:14  Probe  
  26  2:26  Probe  
  27  2:31  Stalker  
  29  2:38  Probe  
  30  2:45  Probe  
  30  2:50  Robotics Facility  
  30  2:51  Probe (Chrono Boost)  
  32  2:57  Probe (Chrono Boost)  
  33  3:08  Probe x2 (Chrono Boost)  
  34  3:15  Probe (Chrono Boost)  
  34  3:17  Gateway  
  35  3:22  Probe  
  35  3:23  Gateway  
  35  3:26  Probe  
  37  3:33  Shield Battery  
  37  3:34  Probe  
  38  3:38  Pylon, Probe  
  39  3:42  Observer (Chrono Boost)  
  39  3:46  Probe  
  41  3:50  Probe, Robotics Bay  
  42  3:56  Warp Prism (Chrono Boost)  
  42  4:01  Probe  
  45  4:03  Probe  
  46  4:13  Probe  
  46  4:15  Probe  
  45  4:25  Probe  
  45  4:27  Probe  
  45  4:29  Assimilator  
  48  4:39  Stalker x2  
  48  4:42  Disruptor (Chrono Boost)  
  48  4:43  Nexus  
  48  4:45  Pylon  
  54  4:54  Pylon  
  54  4:59  Assimilator  
  54  5:03  Pylon, Probe x2  
  56  5:15  Colossus (Chrono Boost), Probe  
  56  5:20  Probe  
  64  5:21  Stalker  
  64  5:23  Extended Thermal Lance  
  64  5:27  Probe  
  67  5:32  Probe  
  67  5:35  Stalker  
  70  5:36  Stalker  
  70  5:39  Probe  
  73  5:44  Probe  
  74  5:51  Probe  
  74  5:56  Probe  
  76  5:59  Twilight Council  
  76  6:02  Probe  
  76  6:03  Probe  
  76  6:04  Colossus (Chrono Boost)  
  78  6:08  Probe  
  85  6:15  Probe  
  85  6:16  Forge  
  85  6:18  Pylon  
  86  6:26  Zealot, Probe  
  86  6:27  Zealot  
  86  6:30  Twilight Council  
  91  6:33  Charge (Chrono Boost)  
  91  6:37  Gateway  
  91  6:46  Immortal (Chrono Boost)  
  95  6:52  Zealot x3  
  101  6:58  Protoss Ground Weapons Level 1 (Chrono Boost)  
  101  6:59  Pylon  
  101  7:01  Pylon  
  101  7:03  Pylon  
  101  7:05  Gateway  
  96  7:12  Probe x2  
  96  7:14  Probe  
  99  7:17  Colossus (Chrono Boost)  
  105  7:24  Probe x2  
  103  7:38  Probe x2 (Chrono Boost)  
  103  7:40  Probe (Chrono Boost)  
  103  7:41  Gateway  
  103  7:43  Gateway  
  106  7:47  Gateway  
  106  7:49  Gateway  
  106  7:50  Probe x2 (Chrono Boost)  
  109  7:55  Probe (Chrono Boost)  
  109  7:57  Pylon  
  109  7:58  Probe x2 (Chrono Boost)  
  109  8:00  Forge  
  109  8:03  Assimilator  
  109  8:05  Assimilator  
  111  8:09  Pylon  
  111  8:12  Zealot x2  
  115  8:16  Immortal (Chrono Boost)  
  115  8:17  Pylon  
  119  8:25  Templar Archives  
  119  8:28  Pylon  
  118  8:35  Zealot x3  
  118  8:36  Zealot x2  
  128  8:45  Pylon  
  128  8:46  Immortal (Chrono Boost)  
  128  8:48  Pylon  
  132  9:02  High Templar x4, Pylon  
  138  9:03  High Templar x2  
  138  9:05  Zealot x2  
  138  9:07  Archon x3  
Tags
 
Add a new tag
Caveats
  • Supply blocks, unpowered buildings, or Contaminate may cause inaccurate times.
  • Supply counts are checked every 10 seconds.